 Dungeon Crawl Stone Soup version 0.16-a0-3212-g68818ff (webtiles) character file.

6101 Johnny the Fighter (level 10, -4/83 HPs)
             Began as a Mummy Hunter on Dec 19, 2014.
             Was a Priest of Okawaru.
             Killed from afar by a steam dragon (14 damage)
             ... with a ball of steam
             ... on level 10 of the Dungeon.
             The game lasted 00:26:12 (12174 turns).

Johnny the Fighter (Mummy Hunter)                  Turns: 12174, Time: 00:26:13

Health: -4/83      AC:  8    Str: 15    XL:     10   Next: 58%
Magic:  10/10      EV: 15    Int: 10    God:    Okawaru [***...]
Gold:   576        SH:  0    Dex: 15    Spells: 0 memorised, 9 levels left

rFire  . . .     SeeInvis .     e - +0 hand crossbow (freeze)
rCold  . . .     Clarity  .     y - +1 leather armour {rN+}
rNeg   + + +     SustAb   .     (no shield)
rPois  ∞         Gourm    .     (no helmet)
rElec  .         Spirit   .     g - +0 cloak
rCorr  .         Warding  +     d - +1 pair of gloves
rMut   .         Rnd*Tele +     (no boots)
MR     +....                    o - amulet of warding
Stlth  +.........               m - ring of fire
                                k - ring of teleportation (curse)

@: very slightly contaminated, hasted, very quick, somewhat resistant to hostile
enchantments, very unstealthy
A: no food or potions, fire vulnerability, restore body, cold resistance 1,
negative energy resistance 3, poison resistance, torment resistance, unbreathing
a: Heroism, Renounce Religion, Evoke Teleportation


You were on level 10 of the Dungeon.
You worshipped Okawaru.
Okawaru was most pleased with you.
You were not hungry.

You visited 2 branches of the dungeon, and saw 11 of its levels.
You also visited: Bailey.

You collected 576 gold pieces.

Inventory:

Hand weapons
 a - a +0 short sword
 b - a +1 hand crossbow
 e - a +0 hand crossbow of freezing (weapon)
 h - a +0 arbalest
 i - a +4 mace
 q - a +0 short sword of venom
 r - a +0 hand axe of venom
 t - a +3 quarterstaff of chaos
 w - the +7 long sword of Wamuzaci {freeze, rPois}
   (You found it on level 4 of the Dungeon)

   It has been specially enchanted to freeze those struck by it, causing extra
   injury to most foes and up to double damage against particularly susceptible
   opponents.
   It can also slow down cold-blooded creatures.
   It protects you from poison.
 B - a +2 hand axe of flaming
Missiles
 D - a bolt of flame (quivered)
Armour
 d - a +1 pair of gloves (worn)
 g - a +0 cloak (worn)
 y - a +1 leather armour of positive energy (worn)
Jewellery
 k - a cursed ring of teleportation (left hand)
 m - a ring of fire (right hand)
 o - an amulet of warding (around neck)
 v - a +3 ring of intelligence {unknown}
Magical devices
 f - a wand of disintegration (5)
 s - a wand of frost (7)
 u - a wand of slowing (25)
 z - a wand of confusion (0)
 C - a wand of hasting (0)
 E - a wand of paralysis (2)
 F - a wand of digging (8)
 G - a wand of digging (15)
Scrolls
 l - 2 scrolls of enchant weapon
 n - 2 scrolls of recharging
 p - a scroll of immolation
 A - 2 scrolls of teleportation


   Skills:
 * Level 9.1 Fighting
 * Level 9.1 Crossbows
 + Level 4.4 Armour
 + Level 6.0 Dodging
 - Level 0.7 Stealth


You had 9 spell levels left.
You didn't know any spells.

Dungeon Overview and Level Annotations

Branches:
Dungeon (10/15)            Temple (1/1) D:4
   Lair: D:8-11         Orc: D:9-12

Altars:
Ashenzari
Cheibriados
Dithmenos
Fedhas
Gozag
Kikubaaqudgha
Makhleb
Nemelex Xobeh
Okawaru
Qazlal
Ru
Xom
Zin
The Shining One

Annotations:
D:8 exclusion: 2 oklob saplings


Innate Abilities, Weirdness & Mutations

You do not eat or drink.
Your flesh is vulnerable to fire.
Your flesh is cold resistant.
You are immune to negative energy.
Your system is resistant to poisons.
You are immune to unholy pain and torment.
You can survive without breathing.


Message History

The gnoll hits you with a club.
* * * LOW HITPOINT WARNING * * *
Unknown command.
Firing (i - inventory. (,) - cycle):
c - 2 bolts (quivered)
Press: ? - help, Shift-Dir - straight line, f/p - gnoll
Aim: a gnoll, wielding a club (almost dead, fast, poisoned)
You shoot a bolt. The bolt barely misses the gnoll.
The bolt hits the hippogriff!
The bolt freezes the hippogriff.
You kill the hippogriff!
Okawaru accepts your kill. The gnoll hits you but does no damage.
Firing (i - inventory. (,) - cycle):
c - a bolt (quivered)
Press: ? - help, Shift-Dir - straight line, f/p - gnoll
Aim: a gnoll, wielding a club (almost dead, fast, poisoned)
You shoot a bolt. The bolt hits the gnoll.
The bolt freezes the gnoll.
You kill the gnoll!
Okawaru accepts your kill. The steam dragon breathes steam at you.
The ball of steam hits you!
You die...

# ######### #. #........
#####..########.........
#.......@§§..D.<..D.....
#...#######.............
#......<.....
#............
#............
#..%........ #..####+###
...# ...#


There were no monsters in sight!

Vanquished Creatures
  The ghost of dadoka the Basher, an experienced HuWn of Ru (D:6)
  A hill giant (D:8)
  4 wandering mushrooms (D:8)
  A two-headed ogre (D:9)
  Grinder (D:3)
  A deep elf mage (D:9)
  A hippogriff (D:10)
  Menkaure (D:7)
  3 ogres
  A crocodile (D:8)
  An ice beast (D:9)
  4 centaurs
  5 giant frogs
  A gnoll sergeant (D:8)
  4 killer bees (D:8)
  A water moccasin skeleton (D:8)
  A scorpion (D:5)
  4 wights (D:8)
  3 crimson imps
  A yellow wasp zombie (D:5)
  4 jellies
  A quasit (D:9)
  7 hounds
  Crazy Yiuf (D:3)
  8 orc priests
  3 centaur skeletons
  A giant frog skeleton (D:5)
  4 iguanas
  9 orc wizards
  A gnoll shaman (D:8)
  5 worker ants
  Ijyb (D:7)
  13 adders
  2 worker ant zombies (D:6)
  20 gnolls
  7 worms
  An adder zombie (D:7)
  An adder skeleton (D:7)
  9 giant geckos
  2 oozes
  31 orcs
  A ball python (D:3)
  10 bats
  A bat zombie (D:6)
  4 giant cockroaches
  15 goblins
  12 hobgoblins
  12 jackals
  4 quokkas
  6 giant newts
  7 kobolds
  A quokka skeleton (D:5)
  20 rats
  A ballistomycete (D:8)
265 creatures vanquished.

Vanquished Creatures (others)
  An orc (D:8)
  A giant spore (D:8)
2 creatures vanquished.

Grand Total: 267 creatures vanquished

Notes
Turn   | Place    | Note
--------------------------------------------------------------
     0 | D:1      | Johnny, the Mummy Hunter, began the quest for the Orb.
     0 | D:1      | Reached XP level 1. HP: 16/16 MP: 1/1
    74 | D:1      | Reached XP level 2. HP: 17/22 MP: 2/2
   819 | D:2      | Found a shadowy altar of Dithmenos.
   841 | D:2      | Reached XP level 3. HP: 26/28 MP: 3/3
  1083 | D:2      | Found a snail-covered altar of Cheibriados.
  1383 | D:2      | Reached skill level 4 in Crossbows
  1383 | D:2      | Reached XP level 4. HP: 34/34 MP: 4/4
  1512 | D:3      | Noticed Grinder
  1517 | D:3      | Paralysed by Grinder for 5 turns
  1828 | D:3      | Killed Grinder
  1828 | D:3      | Reached XP level 5. HP: 34/41 MP: 5/5
  1828 | D:3      | Reached XP level 6. HP: 38/47 MP: 6/6
  1862 | D:3      | Reached skill level 5 in Crossbows
  2442 | D:3      | Found a glowing silver altar of Zin.
  2497 | D:3      | Noticed Crazy Yiuf
  2501 | D:3      | Killed Crazy Yiuf
  2920 | D:3      | Found a burning altar of Makhleb.
  2929 | D:3      | Found a blossoming altar of Fedhas.
  2933 | D:3      | Found a shimmering altar of Xom.
  3123 | D:3      | Reached XP level 7. HP: 47/54 MP: 7/7
  3246 | D:4      | Got a translucent long sword
  3247 | D:4      | Identified the +7 long sword of Wamuzaci {freeze, rPois} (You found it on level 4 of the Dungeon)
  3895 | D:4      | Reached skill level 6 in Crossbows
  4017 | D:4      | Found a staircase to the Ecumenical Temple.
  4022 | Temple   | Entered the Ecumenical Temple
  4114 | Temple   | Became a worshipper of Warmaster Okawaru
  5144 | D:5      | Entered Level 5 of the Dungeon
  5584 | D:5      | Reached XP level 8. HP: 44/61 MP: 8/8
  5706 | D:5      | Reached skill level 5 in Fighting
  6184 | D:5      | Reached skill level 1 in Armour
  6306 | D:5      | Acquired Okawaru's first power
  7081 | D:6      | Reached skill level 7 in Crossbows
  7086 | D:6      | Noticed dadoka's ghost (experienced HuWn)
  7091 | D:6      | Killed dadoka's ghost
  7091 | D:6      | Reached XP level 9. HP: 64/71 MP: 9/9
  7917 | D:7      | Noticed Menkaure
  7918 | D:7      | Noticed Ijyb
  7921 | D:7      | Killed Menkaure
  7925 | D:7      | Killed Ijyb
  8166 | D:7      | Reached skill level 5 in Dodging
  8670 | D:8      | Noticed a hill giant
  8685 | D:8      | Killed a hill giant
  8685 | D:8      | Reached skill level 8 in Crossbows
  8863 | D:8      | Found a flagged portal.
  8900 | Bailey   | Entered a bailey
  8962 | Bailey   | Noticed an orc knight
  8966 | Bailey   | Noticed an orc knight
  8967 | Bailey   | Noticed an orc warlord
  8967 | Bailey   | Noticed an orc knight
  9351 | D:8      | Found an iron altar of Okawaru.
  9472 | D:8      | Received a gift from Okawaru
  9472 | D:8      | Reached XP level 10. HP: 68/80 MP: 10/10
  9856 | D:8      | Found a blossoming altar of Fedhas.
 11331 | D:9      | Reached skill level 9 in Crossbows
 12159 | D:10     | Entered Level 10 of the Dungeon
 12174 | D:10     | Killed from afar by a steam dragon

Action                   |  1- 3 |  4- 6 |  7- 9 | 10-12 || total
-------------------------+-------+-------+-------+-------++-------
Melee: Short sword       |       |    14 |   147 |    63 ||   224
       Long sword        |       |       |    16 |       ||    16
       Quarterstaff      |       |       |    24 |    66 ||    90
       Arbalest          |       |       |     2 |       ||     2
 Fire: Hand crossbow     |    36 |       |    34 |    84 ||   154
       Arbalest          |    36 |   114 |   225 |       ||   375
Evoke: Wand              |       |       |     1 |    25 ||    26
  Use: Scroll            |       |       |    14 |     1 ||    15
 Stab: Sleeping          |       |       |     3 |       ||     3
       Paralysed         |       |       |       |     5 ||     5
